 Dungeon Crawl Stone Soup version 0.25-a0-1113-g0499d652a8 (webtiles) character file.

Game seed: 3432606982524620820, levelgen mode: deterministic

2545 Flugslaktarn the Cleaver (level 9, -7/82 HPs)
             Began as a Deep Dwarf Fighter on May 16, 2020.
             Mangled by a purple ugly thing (11 damage)
             ... on level 7 of the Dungeon.
             The game lasted 00:02:53 (3260 turns).

Flugslaktarn the Cleaver (Deep Dwarf Fighter)       Turns: 3260, Time: 00:02:54

Health: -7/82      AC:  9    Str: 23    XL:     9   Next: 30%
Magic:  0/0        EV:  8    Int:  9    God:
Gold:   172        SH: 12    Dex: 12    Spells: 8/8 levels left

rFire    . . .     SeeInvis .   a - +0 war axe
rCold    . . .     Gourm    .   g - +2 kite shield
rNeg     . . .     Faith    .   b - +0 scale mail
rPois    .         Spirit   .   (no helmet)
rElec    .         Reflect  +   (no cloak)
rCorr    +         Harm     .   (no gloves)
MR       +....                  f - +1 pair of boots
Stlth    ..........             o - amulet of reflection (curse)
HPRegen  0.00/turn              k - ring of resist corrosion
MPRegen  0.07/turn              (no ring)

@: mighty, non-regenerating, drained
A: damage resistance, heal wounds, sense surroundings 2, no regeneration
a: Heal Wounds


You were on level 7 of the Dungeon.
You were not hungry.

You visited 2 branches of the dungeon, and saw 8 of its levels.

You collected 172 gold pieces.

Inventory:

Hand Weapons
 a - a +0 war axe (weapon)
Missiles
 m - a throwing net (quivered)
Armour
 b - a +0 scale mail (worn)
 c - a +0 kite shield
 f - a +1 pair of boots (worn)
   (You found it on level 4 of the Dungeon)
 g - a +2 kite shield (worn)
   (You found it on level 5 of the Dungeon)
Jewellery
 j - an uncursed ring of fire {unknown}
   (You found it on level 7 of the Dungeon)
 k - a ring of resist corrosion (left hand)
   (You found it on level 6 of the Dungeon)
 l - an uncursed ring of fire {unknown}
   (You found it on level 7 of the Dungeon)
 o - a cursed amulet of reflection (around neck)
   (You found it on level 5 of the Dungeon)
Scrolls
 i - a scroll of vulnerability {unknown}
 p - a scroll of immolation {unknown}
 r - 2 scrolls of blinking {unknown}
 t - a scroll of teleportation
 x - a scroll of remove curse
Potions
 h - a potion of lignification {unknown}
 n - a potion of resistance
 q - a potion of curing
Comestibles
 e - 10 rations
 s - 3 chunks of flesh


   Skills:
 + Level 5.8(5.1) Fighting
 * Level 9.1(8.3) Axes
 + Level 7.0(6.3) Armour
 + Level 6.9(6.2) Shields


You had 8 spell levels left.
You didn't know any spells.
Your spell library was empty.

Dungeon Overview and Level Annotations

Branches:
Dungeon (7/15)             Temple (1/1) D:7

Altars:
Ashenzari
Dithmenos
Elyvilon
Fedhas
Hepliaklqana
Kikubaaqudgha
Nemelex Xobeh
Okawaru
Qazlal
Ru
Sif Muna
Trog
Uskayaw
Vehumet
Yredelemnul
Zin
The Shining One

Shops:
D:4 [


Innate Abilities, Weirdness & Mutations

You are resistant to damage.
You can heal yourself by infusing magical energy.
You passively map the area around you.
You do not regenerate.


Message History

The purple ugly thing punches you!
* * * LOW HITPOINT WARNING * * *
The purple ugly thing punches you but does no damage.
You closely miss the purple ugly thing.
The purple ugly thing is heavily wounded.
The purple ugly thing closely misses you.
You aren't carrying any items that you can evoke.
Unknown command.
Some of the chunks of flesh in your inventory have rotted away.
Things that are here:
a cursed +4 long sword; a +0 robe You feel better.
You block the purple ugly thing's attack.
You feel very mighty all of a sudden. The purple ugly thing punches you!
* * * LOW HITPOINT WARNING * * *
You slash the purple ugly thing!
The purple ugly thing is severely wounded.
The purple ugly thing punches you!
You die...

#.. , *#.#
#..# *#.#*
.#.# , * . _.
. .#.# *.. *
.., , ... * *
..#.##### *
........######
,
#......!@....#
.
,.#...)u####.#
.##.* ,#..#).#
#.# ..). *
#....*#..# #.#
... ##. ##*
*#..# #.#
..##.. ,...#
#.# ....##,
##..# #.#
.....##* , ,
#..# #.#
.†..#.# .
,#..# #>#


You could see a purple ugly thing.

Vanquished Creatures
  Maggie (D:7)
  Duvessa (D:4)
  A water moccasin (D:7)
  A necrophage (D:7)
  2 centaurs
  4 ogres
  6 bullfrogs
  Dowan (D:4)
  A scorpion (D:7)
  5 wights (D:7)
  A crimson imp (D:5)
  A jelly (D:5)
  A centaur skeleton (D:7)
  A hound (D:5)
  5 orc wizards
  3 orc priests
  A bullfrog skeleton (D:4)
  Ijyb (D:4)
  Terence (D:2)
  6 worker ants
  7 adders
  6 gnolls (D:5)
  2 adder skeletons (D:5)
  2 worms
  2 leopard geckos (D:5)
  28 orcs
  A ball python (D:7)
  6 giant cockroaches
  4 hobgoblins
  8 jackals
  6 kobolds
  2 quokkas
  5 bats
  3 frilled lizards
  2 goblins (D:2)
128 creatures vanquished.

Notes
Turn   | Place    | Note
-------+----------+-------------------------------------------
     0 | D:1      | Flugslaktarn the Deep Dwarf Fighter began the quest for the
                  | Orb.
     0 | D:1      | Reached XP level 1. HP: 20/20 MP: 1/1
    69 | D:2      | Reached XP level 2. HP: 27/27 MP: 2/2
   212 | D:2      | Noticed Terence
   231 | D:2      | Killed Terence
   231 | D:2      | Reached skill level 3 in Axes
   231 | D:2      | Reached XP level 3. HP: 13/34 MP: 3/3
   313 | D:2      | Reached XP level 4. HP: 23/42 MP: 4/4
   373 | D:4      | Noticed Dowan
   375 | D:4      | Noticed Duvessa
   402 | D:4      | HP: 2/42 [Duvessa/+0 short sword (3)]
   413 | D:4      | Killed Duvessa
   413 | D:4      | Reached skill level 4 in Axes
   413 | D:4      | Reached XP level 5. HP: 49/49 MP: 5/5
   445 | D:4      | Killed Dowan
   526 | D:4      | Reached XP level 6. HP: 49/56 MP: 4/4
   676 | D:4      | Found a stormy altar of Qazlal.
   709 | D:4      | Found an ancient bone altar of Kikubaaqudgha.
   715 | D:4      | Noticed Ijyb
   725 | D:4      | Killed Ijyb
   725 | D:4      | Reached skill level 5 in Axes
   735 | D:4      | Found Rohen's Antique Armour Boutique.
  1179 | D:5      | Entered Level 5 of the Dungeon
  1245 | D:5      | Reached XP level 7. HP: 57/64 MP: 5/5
  1335 | D:5      | Reached skill level 5 in Armour
  1443 | D:5      | Found a sparkling altar of Nemelex Xobeh.
  1450 | D:5      | Reached skill level 5 in Shields
  1524 | D:5      | Reached skill level 6 in Axes
  2199 | D:6      | Reached XP level 8. HP: 51/73 MP: 5/5
  2290 | D:6      | Found a hide-covered altar of Uskayaw.
  2293 | D:6      | Reached skill level 7 in Axes
  2448 | D:6      | Found a shadowy altar of Dithmenos.
  2698 | D:7      | Found a shattered altar of Ashenzari.
  2718 | D:7      | Found a shimmering blue altar of Sif Muna.
  2725 | D:7      | Reached skill level 5 in Fighting
  2792 | D:7      | Noticed Maggie
  2799 | D:7      | Reached skill level 8 in Axes
  2825 | D:7      | Killed Maggie
  2834 | D:7      | Found a staircase to the Ecumenical Temple.
  2858 | Temple   | Entered the Ecumenical Temple
  2957 | D:7      | Gained mutation: You passively map the area around you.
                  | [Deep Dwarf growth]
  2957 | D:7      | Reached XP level 9. HP: 34/81 MP: 3/3
  3007 | D:7      | Identified the +5 falchion of Gyxuidal {venom, rN+ MR+
                  | SInv}
  3128 | D:7      | Found an iron altar of Okawaru.
  3210 | D:7      | Noticed a purple ugly thing
  3229 | D:7      | Reached skill level 9 in Axes
  3259 | D:7      | HP: 4/82 [purple ugly thing (10)]
  3260 | D:7      | Mangled by a purple ugly thing

Illustrated notes

Levels and vault maps discovered:
D:1:      dpeg_arrival_tiny_a, layout_rooms
D:2:      layout_rooms, marbit_many_paths, nicolae_gozag_zags_fifth_avenue,
          lemuel_tele_altar, uniq_terence
D:3:      layout_rooms, makhleb_altar_promises_db
D:4:      layout_loops_ring, kiku_gazebo_pond_becter,
          nicolae_qazlal_eye_of_the_storm, serial_shops, shop, first_ration,
          minivault_11, uniq_ijyb, uniq_duvessa
D:5:      layout_loops_ring, kennysheep_little_box, gup_sewer_entry_spiral
D:6:      layout_basic, nicolae_overflow_hidden_temple, kennysheep_mini_moat
D:7:      layout_loops_ring, ashenzari_altar_1, lemuel_round_altar,
          lemuel_doored_altar, minmay_temple_entry_tees, amethyst_killhole,
          the_bakery, minmay_manual_monstrance, uniq_maggie
Temple:   dpeg_three_leaves_temple

Skill      XL: |  1  2  3  4  5  6  7  8  9 |
---------------+----------------------------+-----
Fighting       | 3 4 5 |  5.8
Axes           | 3 4 5 6 8 9 |  9.1
Armour         | 4 5 6 7 |  7.0
Shields        | 4 5 6 |  6.9

Action                   |  1- 3 |  4- 6 |  7- 9 || total
-------------------------+-------+-------+-------++-------
Melee: War axe           |    76 |   169 |   323 ||   568
 Abil: Heal Wounds       |     1 |    12 |    23 ||    36
  Use: Scroll            |       |       |     8 ||     8
       Potion            |       |       |     2 ||     2
  Eat: Chunk             |       |     2 |     7 ||     9
Armor: Scale mail        |    69 |    76 |   108 ||   253
Dodge: Dodged            |    32 |    76 |    88 ||   196
Block: Kite shield       |    65 |   104 |   204 ||   373
       Reflection        |       |       |     2 ||     2

Table legend:
 A = Non-vault XP
 B = Vault XP
 C = Vault XP percentage of total XP
 D = Non-vault monster count
 E = Vault monster count
 F = Vault count percentage of total count
                 A         B        C        D         E       F
            +---------+---------+-------+---------+---------+-------
      Total |    2875 |     761 |  20.9 |     118 |      10 |   7.8
            +---------+---------+-------+---------+---------+-------
        D:1 |       7 |       0 |   0.0 |       4 |       0 |   0.0
        D:2 |      61 |      36 |  37.1 |      21 |       1 |   4.5
        D:3 |      10 |       0 |   0.0 |       5 |       0 |   0.0
        D:4 |     230 |     259 |  53.0 |      11 |       3 |  21.4
        D:5 |     489 |       9 |   1.8 |      31 |       4 |  11.4
        D:6 |     669 |       0 |   0.0 |      21 |       0 |   0.0
        D:7 |    1409 |     457 |  24.5 |      25 |       2 |   7.4
            +---------+---------+-------+---------+---------+-------
